AoeStats
← WHİTE.MAN.TR

Migration

509584907Analyzed
1v1 RM · 4d ago on Sep 27, 2026· 47m 19s· 2 players
Game mode
Random Map
Map size
132×132
Population
200
Speed
Normal
Resources
Standard
Victory
Conquest
Starting age
Dark Age
Ending age
Imperial Age
RankedLock teamsTeams togetherTeam positionsShared explorationLock speedFull tech treeHidden civsTurbo modeCheats
Victory
Defeat
🇪🇸 Saracens · Spain
1069
+17
🇹🇷 Koreans · Türkiye
1094
-17
Caronte
11:20 Feudal Age
11:52 Loom
15:35 Castle Age
14:02 Double-Bit Axe
14:00 Horse Collar
15:12 Fletching
15:29 Loom
18:32 Medium Warships
18:52 Bodkin Arrow
20:52 Stone Mining
22:02 Crossbowman
24:28 Wheelbarrow
24:49 Bow Saw
25:09 Padded Archer Armor
28:42 Thumb Ring
27:57 Elite Skirmisher
38:18 Imperial Age
36:26 Scale Barding Armor
37:55 Forging
38:23 Gold Mining
39:46 Chain Barding Armor
39:53 Hand Cart
41:27 Bloodlines
41:19 Husbandry
41:32 Elite Mameluke
42:16 Light Cavalry
46:03 Heavy Warships
46:51 Plate Barding Armor
47:14 Town Watch
46:59 Hussar
WHİTE.MAN.TR
12:15 Feudal Age
14:51 Stone Mining
14:47 Double-Bit Axe
14:46 Horse Collar
21:54 Castle Age
25:12 Light Cavalry
25:46 Fletching
33:32 Imperial Age
35:10 Fletching
35:45 Heavy Cavalry Archer
37:26 Bow Saw
37:55 Bodkin Arrow
37:23 Crossbowman
38:16 Hussar
38:27 Arbalester
39:13 Thumb Ring
39:38 Bracer
39:06 Elite Fire Lancer
39:17 Elite Skirmisher
39:43 Elite Turtle Ship
42:21 Wheelbarrow
41:32 Loom
41:33 Town Watch
41:57 Heavy Plow
42:59 Two-Man Saw
Connection lost

Rejoining the realm…

Still unreachable

The connection could not be restored.

Session expired

The server has moved on; the page needs a fresh start.